 Dungeon Crawl Stone Soup version 0.29-a0-721-g7f417c9bbb (webtiles) character file.

Game seed: 13891326661801282278

6848 ytrimaz the Protected (level 10, -5/83 HPs)
             Began as a Demonspawn Gladiator on June 27, 2022.
             Was a Believer of Okawaru.
             Killed by divine providence
             ... invoked by an orc priest
              (13 damage)
             ... on level 9 of the Dungeon.
             The game lasted 00:13:32 (10264 turns).

ytrimaz the Protected (Demonspawn Gladiator)       Turns: 10264, Time: 00:13:33

Health: -5/83      AC: 15    Str: 19    XL:     10   Next: 78%
Magic:  10/10      EV: 12    Int:  9    God:    Okawaru [**....]
Gold:   521        SH:  0    Dex: 15    Spells: 9/9 levels left

rFire   + . .      SeeInvis +   a - +0 war axe (freeze)
rCold   . . .      Faith    .   (no shield)
rNeg    . . .      Spirit   .   l - +1 ring mail {rF+}
rPois   .          Reflect  .   c - +0 helmet
rElec   .          Harm     .   (no cloak)
rCorr   +          Rampage  .   y - +0 pair of gloves
Will    .....                   i - +1 pair of boots
Stlth   +.........              g - amulet of the acrobat
HPRegen 0.23/turn               s - ring of resist corrosion
MPRegen 0.12/turn               v - ring of see invisible

@: mighty
A: icy blue scales 1, powered by pain 1, spiny 1
a: Renounce Religion, Heroism


You were on level 9 of the Dungeon.
You worshipped Okawaru.
Okawaru was pleased with you.
You visited 2 branches of the dungeon, and saw 10 of its levels.

You collected 521 gold pieces.

Inventory:

Hand Weapons
 a - a +0 war axe of freezing (weapon)
 j - a +0 scythe
 G - a +3 war axe
Missiles
 e - 13 javelins (quivered)
 f - 3 throwing nets
Armour
 c - a +0 helmet (worn)
 i - a +1 pair of boots (worn)
 l - a +1 ring mail of fire resistance (worn)
 y - a +0 pair of gloves (worn)
Jewellery
 g - an amulet of the acrobat (around neck)
 s - a ring of resist corrosion (left hand)
 v - a ring of see invisible (right hand)
 C - a ring of protection from fire
Wands
 r - a wand of flame (41)
Scrolls
 b - 2 scrolls of blinking
 h - 2 scrolls of fear
 k - a scroll of immolation
 n - a scroll of magic mapping
 x - 2 scrolls of teleportation
 B - a scroll of brand weapon
 D - a scroll of amnesia {unknown}
 E - 2 scrolls of silence
 H - a scroll of fog {unknown}
 I - a scroll of vulnerability {unknown}
Potions
 d - 3 potions of mutation
 o - 2 potions of invisibility
 p - a potion of haste {unknown}
 q - 2 potions of flight
 t - a potion of might {unknown}
 u - a potion of berserk rage
 w - a potion of curing
 z - 2 potions of brilliance
 A - 4 potions of attraction
 F - 3 potions of degeneration {unknown}


   Skills:
 + Level 9.5 Fighting
 - Level 8.4 Axes
 - Level 1.7 Throwing
 + Level 9.9 Armour
 - Level 2.6 Dodging


You had 9 spell levels left.
You didn't know any spells.
Your spell library contained the following spells:

 Spells                   Type           Power      Damage    Failure   Level
 Poisonous Vapours        Pois/Air       0%         N/A       67%         2
 Gell's Gravitas          Tloc           0%         N/A       88%         3
 Lesser Beckoning         Tloc           0%         N/A       88%         3
 Teleport Other           Tloc           0%         N/A       88%         3
 Corpse Rot               Necr/Pois/Air  0%         N/A       99%         4
 Summon Small Mammal      Summ           Unusable   N/A       N/A         1
 Call Canine Familiar     Summ           Unusable   N/A       N/A         3
 Summon Guardian Golem    Hex/Summ       Unusable   N/A       N/A         3

Dungeon Overview and Level Annotations

Branches:
Dungeon (9/15)             Temple (1/1) D:7
   Lair: D:8-11         Orc: D:9-12

Altars:
Cheibriados
Dithmenos
Elyvilon
Fedhas
Gozag
Hepliaklqana
Kikubaaqudgha
Makhleb
Nemelex Xobeh
Okawaru
Qazlal
Ru
Trog
Uskayaw
Vehumet
Wu Jian
Xom
Yredelemnul
Zin
The Shining One

Shops:
D:4 (   D:7 (


Innate Abilities, Weirdness & Mutations

You are partially covered in icy blue scales. (AC +2)
You sometimes gain a little power by taking damage.
You are partially covered in sharp spines.


Message History

The orc warrior barely misses you.
Unknown command.
You slash the orc warrior! You freeze the orc warrior.
You kill the orc warrior!
Okawaru accepts your kill.
You barely miss the orc. The orc barely misses you.
The orc is struck by your spines. The orc barely misses you.
The orc priest begins to cast a cantrip, but forgets the words!
Unknown command.
The orc priest calls down the wrath of Beogh upon you.
Beogh smites you!
* * * LOW HITPOINT WARNING * * *
You focus on the pain.
You feel very mighty all of a sudden. The orc wizard completely misses you.
The orc completely misses you.
Things that are here:
a +0 hand axe; a +0 chain mail You are too injured to fight recklessly!
You hit the orc priest. You freeze the orc priest.
The orc priest is heavily wounded.
You slash the orc! You freeze the orc.
You kill the orc!
Okawaru accepts your kill.
You hit the orc wizard but do no damage.
The orc priest is struck by your spines.
The orc priest hits you with a +0 mace.
* * * LOW HITPOINT WARNING * * *
The orc hits you from afar with a +0 trident.
* * * LOW HITPOINT WARNING * * *
The orc wizard points at you and mumbles some strange words.
The magic dart hits you!
* * * LOW HITPOINT WARNING * * *
Unknown command.
You hit the orc priest. You freeze the orc priest.
The orc priest is severely wounded.
You slash the orc priest! You freeze the orc priest.
You closely miss the orc wizard. The orc priest completely misses you.
The orc priest mumbles some strange prayers to Beogh against you.
Beogh smites you!
You die...

##....#.. #.# #.# ##.....#.. #.#
#.# # #....o.... #.# ######.# #
....o.##. #.# #....#.# #
#....##.###.###.##.#.# #
##.#...o....)..o##.##.#.# #
#...#.#o###.###.##.##.#.# ##
#.....)))รท..#
#oo.......########.
#.......ooo)###o@..##.#......[...
o....#.####...oo#####.#.########.
..............o..................
.....#.##########################
#...##. #.$. .. ### ##


You could see 2 orc priests, 2 orc wizards and 3 orcs.

Vanquished Creatures
  Amaemon (D:8)
  Pikel (D:4)
  An orange demon (D:8)
  A gargoyle (D:7)
  Sigmund (D:2)
  A wyvern (D:7)
  2 yaks (D:7)
  Grum (D:8)
  A steam dragon (D:9)
  Edmund (D:5)
  2 water moccasins
  Duvessa (D:5)
  8 orc warriors
  3 sky beasts
  3 black bears
  An ogre (D:4)
  A lemure (D:4)
  4 wolves (D:8)
  A kobold brigand (D:9)
  2 bullfrogs (D:7)
  4 necrophages
  A gnoll sergeant (D:7)
  9 wights
  Dowan (D:5)
  2 howler monkeys (D:7)
  6 hounds
  8 orc priests
  A jelly (D:6)
  A gnoll shaman (D:7)
  Ijyb (D:3)
  3 iguanas
  6 orc wizards
  15 gnolls
  9 adders
  4 white imps
  An ufetubus (D:5)
  3 worms
  25 orcs
  11 ball pythons
  10 bats
  13 endoplasms
  3 giant cockroaches
  13 goblins
  6 hobgoblins
  3 jackals (D:3)
  12 kobolds
  3 quokkas
  4 frilled lizards
  5 rats
220 creatures vanquished.

Vanquished Creatures (others)
  An orc wizard (D:9)
  2 plants (D:8)
3 creatures vanquished.

Grand Total: 223 creatures vanquished

Notes
Turn   | Place    | Note
-------+----------+-------------------------------------------
     0 | D:1      | ytrimaz the Demonspawn Gladiator began the quest for the
                  | Orb.
     0 | D:1      | Reached XP level 1. HP: 16/16 MP: 1/1
   245 | D:1      | Gained mutation: You are partially covered in sharp spines.
                  | [demonic ancestry]
   245 | D:1      | Reached XP level 2. HP: 21/22 MP: 2/2
   618 | D:1      | Gained mutation: You are partially covered in icy blue
                  | scales. (AC +2) [demonic ancestry]
   618 | D:1      | Reached XP level 3. HP: 24/27 MP: 3/3
   902 | D:1      | Found a faded altar of an unknown god.
  1227 | D:2      | Gained mutation: You sometimes gain a little power by
                  | taking damage. [demonic ancestry]
  1227 | D:2      | Reached XP level 4. HP: 23/33 MP: 4/4
  1322 | D:2      | Noticed Sigmund
  1352 | D:2      | Killed Sigmund
  1353 | D:2      | Reached XP level 5. HP: 17/38 MP: 5/5
  2418 | D:3      | Reached XP level 6. HP: 38/44 MP: 6/6
  2567 | D:3      | Noticed Ijyb
  2582 | D:3      | Killed Ijyb
  3302 | D:4      | Noticed Pikel
  3325 | D:4      | Killed Pikel
  3326 | D:4      | Reached XP level 7. HP: 20/50 MP: 7/7
  3583 | D:4      | Found Gisiqusk's Antique Weapon Boutique.
  3741 | D:4      | Reached skill level 1 in Armour
  3829 | D:4      | Reached XP level 8. HP: 47/57 MP: 8/8
  4353 | D:5      | Entered Level 5 of the Dungeon
  4383 | D:5      | Noticed Edmund
  4401 | D:5      | Killed Edmund
  4806 | D:5      | Identified the +3 scimitar of the Twisting Eel {vorpal, rF+
                  | rC+ rCorr Dex+2}
  5070 | D:5      | Noticed Duvessa
  5070 | D:5      | Noticed Dowan
  5080 | D:5      | Killed Duvessa
  5085 | D:5      | Reached skill level 5 in Armour
  5090 | D:5      | Killed Dowan
  5560 | D:6      | Reached XP level 9. HP: 64/67 MP: 9/9
  5601 | D:6      | Reached skill level 5 in Fighting
  6406 | D:7      | Noticed a gargoyle
  6807 | D:7      | Killed a gargoyle
  6956 | D:7      | Found Kuras's Weapon Shop.
  7467 | D:7      | Found a staircase to the Ecumenical Temple.
  7595 | Temple   | Entered the Ecumenical Temple
  7673 | Temple   | Became a worshipper of Warmaster Okawaru
  7821 | D:8      | Noticed Grum
  7831 | D:8      | Reached XP level 10. HP: 47/79 MP: 10/10
  8128 | D:8      | Killed Grum
  8311 | D:8      | Noticed Amaemon
  8325 | D:8      | Killed Amaemon
  8343 | D:8      | Noticed an orange demon
  8359 | D:8      | Killed an orange demon
  8924 | D:8      | Reached * piety under Okawaru
  9228 | D:8      | Found a basalt altar of Yredelemnul.
  9228 | D:8      | Found a bloodstained altar of Trog.
 10261 | D:9      | Reached ** piety under Okawaru
 10264 | D:9      | Killed from afar by an orc priest

Illustrated notes

Levels and vault maps discovered:
D:1:      dpeg_arrival_erosion, layout_loops_ring,
          chequers_ecumenical_altar_grove, serial_glass, glass_columns_b,
          glass_columns_a
D:2:      layout_basic, lemuel_flame_loot_1, uniq_sigmund
D:3:      kennysheep_the_goblin_king, layout_basic
D:4:      layout_rooms, serial_shops, shop, cheibrodos_gnoll_hut, uniq_ijyb,
          uniq_pikel
D:5:      layout_basic, uniq_edmund, uniq_duvessa
D:6:      layout_cave_pools
D:7:      layout_loops_cross, minmay_temple_entry_sparse_star, serial_shops,
          nicolae_shop_bloodbath_and_beyond, dreamdust_gnoll_shepherd
D:8:      layout_basic, gammafunk_temple_overflow_wave, uniq_grum, uniq_amaemon
D:9:      layout_loops_ring, david_orc_4
Temple:   dpeg_three_leaves_temple

Skill      XL: |  1  2  3  4  5  6  7  8  9 10 |
---------------+-------------------------------+-----
Axes           | 3 4 6 8 |  8.4
Armour         | 1 5 8 9 |  9.9
Fighting       | 4 7 9 |  9.5
Throwing       | |  1.7
Dodging        | |  2.6

Action                   |  1- 3 |  4- 6 |  7- 9 | 10-12 || total
-------------------------+-------+-------+-------+-------++-------
Melee: War axe           |    76 |   112 |   228 |   155 ||   571
       Punch             |     1 |     1 |     3 |       ||     5
Throw: Throwing net      |       |     3 |       |       ||     3
       Javelin           |       |     1 |       |       ||     1
  Use: Scroll            |     2 |     7 |     6 |     1 ||    16
       Potion            |       |     2 |     1 |     5 ||     8
 Stab: Sleeping          |       |     1 |       |       ||     1
       Invisible         |       |       |     1 |     3 ||     4
Armor: Leather armour    |    29 |    29 |       |       ||    58
       Scale mail        |       |    12 |    18 |       ||    30
       Skin              |       |     5 |       |       ||     5
       Ring mail         |       |       |    77 |    62 ||   139
Dodge: Dodged            |    47 |    71 |   175 |   117 ||   410

Table legend: (Time is in decaauts)
 A = Elapsed time spent in this place.
 B = Non-inter-level travel time spent in this place.
 C = Inter-level travel time spent in this place.
 D = Time resting spent in this place.
 E = Time spent auto-exploring this place.
 F = Levels seen in this place.
 G = Mean time per level.
                   A        B        C        D        E       F      G
               +--------+--------+--------+--------+--------+-----+--------+
         Total |  10346 |   9933 |    413 |   1026 |   7219 |  10 | 1034.6 |
       Dungeon |  10255 |   9853 |    402 |   1026 |   7161 |   9 | 1139.4 |
        Temple |     91 |     80 |     11 |      0 |     58 |   1 |   91.0 |
               +--------+--------+--------+--------+--------+-----+--------+

Top non-repeatable levels by time:
     D:7: 1730 daAuts
     D:8: 1574 daAuts
     D:2: 1206 daAuts
     D:5: 1150 daAuts
     D:1: 1144 daAuts
     D:4: 1117 daAuts
     D:3: 932 daAuts
     D:6: 786 daAuts
     D:9: 613 daAuts
  Temple: 91 daAuts
